 Dungeon Crawl Stone Soup version 0.24-a0-725-gf1a930fc54 (webtiles) character file.

Game seed: 16707533773534676437, levelgen mode: deterministic

1976 Kairok the Covert (level 9, -6/45 HPs)
             Began as a Vine Stalker Assassin on Oct 1, 2019.
             Was an Initiate of Okawaru.
             Mangled by a two-headed ogre
             ... wielding a +0 giant club
              (9 damage)
             ... on level 7 of the Dungeon.
             The game lasted 00:12:07 (4689 turns).

Kairok the Covert (Vine Stalker Assassin)           Turns: 4689, Time: 00:12:08

Health: -6/45      AC: 11    Str: 14    XL:     9   Next: 20%
Magic:  0/19       EV: 12    Int: 11    God:    Okawaru [......]
Gold:   289        SH:  0    Dex: 19    Spells: 8/8 levels left

rFire    . . .     SeeInvis .   l - +2 dagger (venom)
rCold    + . .     Gourm    +   (no shield)
rNeg     . . .     Faith    .   u - +1 ring mail
rPois    .         Spirit   +   j - +0 helmet
rElec    .         Reflect  .   c - +0 cloak
rCorr    .         Harm     .   q - +0 pair of gloves
MR       +....                  w - +0 pair of boots (curse)
Stlth    ++++......             B - amulet of the gourmand
HPRegen  0.55/turn              g - ring of magical power
MPRegen  0.16/turn              m - ring of protection from cold

@: lightly drained
A: fangs 3, regeneration 1, magic shield, antimagic bite, no potion heal 3, rot
immunity
a: Renounce Religion


You were on level 7 of the Dungeon.
You worshipped Okawaru.
Okawaru was noncommittal.
You were not hungry.

You visited 2 branches of the dungeon, and saw 8 of its levels.

You collected 289 gold pieces.

Inventory:

Hand Weapons
 a - a +2 dagger
 l - a +2 dagger of venom (weapon)
 G - a +3 dagger
Missiles
 d - 23 poisoned darts
 e - 9 curare-tipped darts (quivered)
 F - a throwing net
Armour
 c - a +0 cloak (worn)
 i - a +0 leather armour
 j - a +0 helmet (worn)
 q - a +0 pair of gloves (worn)
 u - a +1 ring mail (worn)
 w - a cursed +0 pair of boots (worn)
Jewellery
 g - a ring of magical power (left hand)
 m - a ring of protection from cold (right hand)
 B - an amulet of the gourmand (around neck)
Wands
 n - a wand of clouds (7)
 y - a wand of iceblast (8)
 C - a wand of random effects (33)
 I - a wand of disintegration (16)
Scrolls
 b - 3 scrolls of remove curse
 h - 5 scrolls of teleportation
 r - 2 scrolls of amnesia
 t - a scroll of fear
 D - a scroll of magic mapping {unknown}
 E - 2 scrolls of blinking
Potions
 k - a potion of ambrosia
 o - a potion of magic {unknown}
 p - 2 potions of brilliance
 s - 3 potions of might
 v - 2 potions of curing
 x - 2 potions of berserk rage {unknown}
 z - a potion of agility
 A - a potion of invisibility
 H - 3 potions of lignification {unknown}
Comestibles
 f - 16 rations


   Skills:
 + Level 3.8(3.7) Fighting
 + Level 5.3(5.2) Short Blades
 + Level 2.0(1.9) Throwing
 + Level 4.3(4.1) Armour
 + Level 2.7(2.6) Dodging
 + Level 10.2(10.1) Stealth
 + Level 0.3(0.2) Evocations


You had 8 spell levels left.
You didn't know any spells.
Your spell library contained the following spells:

 Spells                   Type           Power        Failure   Level  Hunger
 Confusing Touch          Hex            #.....       56%         1    ##.....
 Confuse                  Hex            #.......     90%         3    ####...
 Gell's Gravitas          Tloc           #.........   90%         3    ####...
 Petrify                  Tmut/Erth      #.......     100%        4    #####..
 Metabolic Englaciation   Hex/Ice        #.........   100%        5    ######.
 Yara's Violent Unravell  Hex/Tmut       #.........   100%        5    ######.


Dungeon Overview and Level Annotations

Branches:
Dungeon (7/15)             Temple (1/1) D:7

Altars:
Dithmenos
Fedhas
Gozag
Hepliaklqana
Kikubaaqudgha
Okawaru
Qazlal
Xom
Zin


Innate Abilities, Weirdness & Mutations

You have razor-sharp teeth.
Your natural rate of healing is unusually fast.
When hurt, damage is shared between your health and your magic reserves.
Your bite disrupts and absorbs the magic of your enemies.
Potions cannot restore your health.
You are immune to rotting.


Message History

You hit the two-headed ogre but do no damage.
You bite the two-headed ogre. You drain its power.
You feel invigorated.
The two-headed ogre is lightly wounded.
You hit the two-headed ogre but do no damage.
The two-headed ogre is poisoned.
You bite the two-headed ogre. You drain its power.
You feel invigorated.
The two-headed ogre is lightly wounded.
The two-headed ogre hits you with a +0 giant club!!
The two-headed ogre hits you with a +0 giant club!
* * * LOW HITPOINT WARNING * * *
The two-headed ogre looks more healthy.
Throwing (i - inventory. (/) - cycle)
e - 10 curare-tipped darts (quivered)
Press: ? - help, Shift-Dir - straight line, f - two-headed ogre
Aim: a two-headed ogre, wielding two +0 giant clubs (lightly wounded)
You throw a curare-tipped dart.
The curare-tipped dart barely misses the two-headed ogre.
The two-headed ogre hits you with a +0 giant club!!
* * * LOW HITPOINT WARNING * * *
The two-headed ogre hits you with a +0 giant club!
You die...

####.##.####
............
####.##.#### #.#...###
#.# ####.......## #.#
.....#...#..# #.#
#######.###.###### #.#
#.........O.###.#
#...#.....#@....#
#...##...##.....##
#....###.###......##
#.###. #.##.###....# #..
#F#.#.###..##<#
###.....####.####..###.#
..+.........⌠......###.#
###. ...####.####...†..#
#.# ##...###


You could see a two-headed ogre.

Vanquished Creatures
  An orc warrior (D:6)
  An ice beast (D:4)
  A sky beast (D:6)
  An ogre (D:6)
  2 phantoms
  A bullfrog (D:5)
  3 scorpions
  4 wights (D:6)
  2 howler monkeys
  3 crimson imps
  A centaur zombie (D:5)
  A jelly (D:6)
  3 orc priests
  A hound (D:6)
  7 orc wizards
  Ijyb (D:3)
  A centaur skeleton (D:5)
  2 iguanas
  5 worker ants
  A worker ant zombie (D:4)
  A howler monkey zombie (D:5)
  10 adders
  7 gnolls
  An ooze (D:1)
  An adder zombie (D:5)
  2 worms
  A dart slug (D:1)
  3 leopard geckos
  20 orcs
  3 ball pythons
  8 bats
  6 giant cockroaches
  6 goblins
  10 hobgoblins
  12 kobolds
  5 quokkas
  5 frilled lizards
  A jackal skeleton (D:5)
  10 rats
154 creatures vanquished.

Vanquished Creatures (others)
  A kobold (D:3)
1 creature vanquished.

Grand Total: 155 creatures vanquished

Notes
Turn   | Place    | Note
-------+----------+-------------------------------------------
     0 | D:1      | Kairok the Vine Stalker Assassin began the quest for the
                  | Orb.
     0 | D:1      | Reached XP level 1. HP: 11/11 MP: 2/2
   117 | D:1      | Reached skill level 5 in Stealth
   148 | D:1      | Reached XP level 2. HP: 11/15 MP: 3/3
   336 | D:1      | Reached XP level 3. HP: 15/18 MP: 4/4
   727 | D:2      | Reached skill level 6 in Stealth
   779 | D:2      | Found a shimmering altar of Xom.
   780 | D:2      | Found a shimmering altar of Xom.
   866 | D:2      | Gained mutation: Your natural rate of healing is unusually
                  | fast. [Vine Stalker growth]
   866 | D:2      | Reached XP level 4. HP: 22/23 MP: 5/5
   882 | D:2      | Reached skill level 1 in Dodging
  1110 | D:2      | Found a shimmering altar of Xom.
  1110 | D:2      | Found a shimmering altar of Xom.
  1214 | D:3      | Noticed Ijyb
  1226 | D:3      | Killed Ijyb
  1366 | D:3      | You fall into a shaft and drop 3 floors!
  1374 | D:5      | Entered Level 5 of the Dungeon
  1516 | D:4      | Reached XP level 5. HP: 22/26 MP: 6/6
  1719 | D:3      | Reached skill level 1 in Armour
  1806 | D:3      | Reached skill level 7 in Stealth
  1968 | D:3      | Reached XP level 6. HP: 28/30 MP: 7/7
  2029 | D:3      | Found an opulent altar of Gozag.
  2262 | D:4      | Noticed an ice beast
  2266 | D:4      | Killed an ice beast
  2374 | D:4      | Reached XP level 7. HP: 20/35 MP: 8/8
  2793 | D:5      | Reached skill level 8 in Stealth
  2843 | D:5      | Found a stormy altar of Qazlal.
  3026 | D:5      | Reached skill level 9 in Stealth
  3189 | D:5      | Gained mutation: You have razor-sharp teeth. [Vine Stalker
                  | growth]
  3189 | D:5      | Reached XP level 8. HP: 39/39 MP: 9/9
  4052 | D:6      | Reached skill level 10 in Stealth
  4219 | D:6      | Reached skill level 5 in Short Blades
  4237 | D:6      | Reached XP level 9. HP: 44/44 MP: 10/10
  4574 | D:7      | Found a staircase to the Ecumenical Temple.
  4583 | Temple   | Entered the Ecumenical Temple
  4592 | Temple   | Became a worshipper of Warmaster Okawaru
  4666 | D:7      | Noticed a two-headed ogre
  4689 | D:7      | Mangled by a two-headed ogre

Levels and vault maps discovered:
D:1:      minmay_arrival_open_corners, layout_rooms, minmay_tetromino_l2
D:2:      layout_basic, xom_redecorated
D:3:      layout_loops_ring, grunt_gozag_statues, minmay_quantized, uniq_ijyb
D:4:      layout_basic, first_ration
D:5:      layout_basic, solitary_fountain, nicolae_qazlal_eye_of_the_storm
D:6:      layout_rooms
D:7:      layout_loops_corners, temple_statues, kb_rosetta, uniq_menkaure,
          uniq_prince_ribbit1, uniq_harold
Temple:   nicolae_temple_the_god_donut

Skill      XL: |  1  2  3  4  5  6  7  8 |
---------------+-------------------------+-----
Stealth        | 5 6 7 9 10 | 10.2
Short Blades   | 2 3 4 5 |  5.3
Throwing       | 2 |  2.0
Dodging        | 1 2 |  2.7
Fighting       | 2 3 |  3.8
Armour         | 1 2 4 |  4.3
Evocations     | |  0.3

Action                   |  1- 3 |  4- 6 |  7- 9 || total
-------------------------+-------+-------+-------++-------
Melee: Dagger            |    74 |   125 |   295 ||   494
       Bite              |    22 |    39 |    99 ||   160
Throw: Dart              |     1 |       |     1 ||     2
Evoke: Wand              |       |     1 |     5 ||     6
  Use: Scroll            |     5 |     4 |     4 ||    13
       Potion            |     2 |       |     1 ||     3
 Stab: Sleeping          |     8 |    10 |    16 ||    34
       Distracted        |       |       |     2 ||     2
       Paralysed         |       |       |     1 ||     1
  Eat: Chunk             |       |     4 |     9 ||    13
Armor: Leather armour    |    22 |     2 |       ||    24
       Ring mail         |       |    28 |    89 ||   117
Dodge: Dodged            |    39 |    72 |    93 ||   204

Table legend:
 A = Non-vault XP
 B = Vault XP
 C = Vault XP percentage of total XP
 D = Non-vault monster count
 E = Vault monster count
 F = Vault count percentage of total count
                 A         B        C        D         E       F
            +---------+---------+-------+---------+---------+-------
      Total |    2805 |      18 |   0.6 |     146 |       8 |   5.2
            +---------+---------+-------+---------+---------+-------
        D:1 |      39 |       3 |   7.1 |      20 |       2 |   9.1
        D:2 |      54 |       0 |   0.0 |      18 |       0 |   0.0
        D:3 |     171 |      15 |   8.1 |      30 |       6 |  16.7
        D:4 |     402 |       0 |   0.0 |      20 |       0 |   0.0
        D:5 |     594 |       0 |   0.0 |      22 |       0 |   0.0
        D:6 |    1269 |       0 |   0.0 |      31 |       0 |   0.0
        D:7 |     276 |       0 |   0.0 |       5 |       0 |   0.0
            +---------+---------+-------+---------+---------+-------
